 Dungeon Crawl Stone Soup version 0.31.0-11-ge490571c62 (webtiles) character file.

Game seed: 5897576769140421364

44242 sanka the Basher (level 13, -9/118 HPs)
             Began as a Minotaur Fighter on Jan 26, 2024.
             Was the Champion of the Shining One.
             Mangled by a slime creature (21 damage)
             ... on level 13 of the Dungeon.
             The game lasted 00:37:57 (18927 turns).

sanka the Basher (Minotaur Fighter)                Turns: 18927, Time: 00:37:57

Health: -9/118     AC: 25    Str: 20    XL:     13   Next: 95%
Magic:  21/21      EV: 14    Int: 10    God:    the Shining One [******]
Gold:   20         SH: 22    Dex: 16    Spells: 12/12 levels left

rFire   . . .        a - +5 eveningstar (freeze)
rCold   . . .        l - +0 kite shield
rNeg    + + +        C - +0 pearl dragon scales
rPois   .            y - +0 hat
rElec   .            (no cloak)
rCorr   .            p - +1 pair of gloves "Ukos" {Int+5}
SInv    .            b - +2 pair of boots {rampage}
Will    +....        J - amulet of faith Stlth
                     Q - +4 ring of protection
HPRegen 0.39/turn    N - ring of willpower
MPRegen 0.17/turn

%: rampage, faith
@: divinely shielded, fragile (+50% incoming damage), glowing, studying Armour
A: horns 2, retaliatory headbutt
a: Renounce Religion, Divine Shield, Cleansing Flame, Summon Divine Warrior,
Brand Weapon With Holy Wrath


You were on level 13 of the Dungeon.
You worshipped the Shining One.
The Shining One was exalted by your worship.
You visited 2 branches of the dungeon, and saw 16 of its levels.
You also visited: Gauntlet.

You collected 1052 gold pieces.
You spent 1032 gold pieces at shops.


Innate Abilities, Weirdness & Mutations

You have a pair of horns on your head.
You reflexively headbutt those who attack you in melee.


   Skills:
 - Level 12.0 Fighting
 + Level 12.8 Maces & Flails
 - Level 12.0 Armour
 - Level 12.0 Dodging
 - Level 10.0 Shields
 - Level 12.0 Invocations


You had 12 spell levels left.
You didn't know any spells.
Your spell library contained the following spells:

 Spells                   Type           Power      Damage    Failure   Level
 Apportation              Tloc           0%         N/A       89%         1
 Magic Dart               Conj           0%         1d3       89%         1
 Slow                     Hex            0%         N/A       89%         1
 Summon Small Mammal      Summ           0%         N/A       89%         1
 Blink                    Tloc           0%         N/A       96%         2
 Call Imp                 Summ           0%         N/A       96%         2
 Jinxbite                 Hex            0%         N/A       96%         2
 Scorch                   Fire           0%         2d5       96%         2
 Call Canine Familiar     Summ           0%         N/A       99%         3
 Stone Arrow              Conj/Erth      0%         3d7       99%         3
 Summon Ice Beast         Ice/Summ       0%         N/A       99%         3
 Tukima's Dance           Hex            0%         N/A       99%         3
 Animate Armour           Summ/Erth      0%         N/A       100%        4
 Cause Fear               Hex            0%         N/A       100%        4
 Dimensional Bullseye     Hex/Tloc       0%         N/A       100%        4
 Iskenderun's Mystic Bla  Conj/Tloc      0%         2d3       100%        4
 Summon Blazeheart Golem  Fire/Summ      0%         N/A       100%        4
 Vhi's Electric Charge    Tloc/Air       0%         N/A       100%        4
 Alistair's Intoxication  Alch           0%         N/A       100%        5
 Arcjolt                  Conj/Air       0%         1d10      100%        5
 Fireball                 Conj/Fire      0%         3d3       100%        5
 Summon Mana Viper        Hex/Summ       0%         N/A       100%        5
 Plasma Beam              Fire/Air       0%         2x1d10    100%        6
 Monstrous Menagerie      Summ           0%         N/A       100%        7
 Ignition                 Fire           0%         3d3       100%        8
 Lehudib's Crystal Spear  Conj/Erth      0%         10d2      100%        8
 Dragon's Call            Summ           0%         N/A       100%        9

Inventory:

Hand Weapons
 a - a +5 eveningstar of freezing (weapon)
 R - a +2 morningstar
Missiles
 v - 3 curare-tipped darts (quivered) {=f}
 K - 7 javelins
Armour
 b - a +2 pair of boots of rampaging (worn)
 l - a +0 kite shield (worn)
 p - the +1 pair of gloves "Ukos" (worn) {Int+5}

   Int+5:     It affects your intelligence (+5).
 y - a +0 hat (worn)
 C - +0 pearl dragon scales (worn)
Jewellery
 I - a ring of poison resistance
 J - an amulet of faith (around neck)
 N - a ring of willpower (right hand)
 Q - a +4 ring of protection (left hand)
Wands
 w - a wand of paralysis (18)
 A - a wand of digging (4)
 G - a wand of flame (19)
 L - a wand of iceblast (13)
 O - a wand of polymorph (3)
Scrolls
 f - 7 scrolls of teleportation {@r4}
 g - 7 scrolls of vulnerability {!r}
 j - 2 scrolls of fog
 n - 5 scrolls of enchant armour
 o - 3 scrolls of noise {!r}
 q - 3 scrolls of blinking
 r - a scroll of fear
 s - a scroll of immolation {!r}
 t - 2 scrolls of butterflies
 x - 2 scrolls of enchant weapon
 D - 4 scrolls of poison {!r}
 E - a scroll of amnesia {unknown}
Potions
 d - 3 potions of might
 e - 4 potions of haste {@q3}
 h - 2 potions of brilliance {unknown}
 i - 5 potions of enlightenment {unknown}
 m - 3 potions of mutation {unknown}
 u - 3 potions of lignification {!q}
 z - a potion of invisibility {unknown}
 B - 2 potions of curing {unknown}
 F - a potion of resistance {unknown}
 H - a potion of magic {unknown}
 M - a potion of berserk rage {unknown}
 P - 2 potions of heal wounds {unknown}

Dungeon Overview and Level Annotations

Branches:
Dungeon (15/15)            Temple (1/1) D:5            Lair (0/5) D:10
    Orc (0/2) D:9          Vaults (0/5) D:13         Depths (0/4) D:15
Gauntlet (visited)

Altars:
Ashenzari
Cheibriados
Dithmenos
Elyvilon
Fedhas
Gozag
Hepliaklqana
Kikubaaqudgha
Makhleb
Nemelex Xobeh
Okawaru
Qazlal
Ru
Sif Muna
Trog
Uskayaw
Vehumet
Wu Jian
Xom
Yredelemnul
Zin
The Shining One
Jiyva

Shops:
D:5 (   D:6 =   D:7 [   D:9 [   D:10 [   D:11 ?

Annotations:
D:9 exclusion: downstairs
D:10 exclusion: downstairs
D:13 exclusion: downstairs, Zuneoj's ghost, journeyman TrCK

▒▒▒.▒▒▒▒▒▒).▒▒ ▒.▒ ▒...▒▒▒▒▒▒
.J.>....▒▒.▒.▒▒ ▒.▒ ▒..▒▒ ▒▒≈≈
J.J.....▒▒.▒▒.▒▒ ▒.▒▒▒▒.▒▒▒▒▒≈≈≈
........▒▒.▒▒▒.▒▒ ▒......▒▒▒≈≈≈≈≈
...J.......▒▒▒▒.▒▒▒▒▒▒▒▒..▒▒▒▒≈≈≈
..........(......▒▒ ▒▒..▒▒▒▒▒▒
........▒▒▒▒▒▒▒.▒.▒▒▒▒▒▒...▒▒.▒▒.
........▒ ▒J.J....▒......▒.▒.
....[...▒ ▒JH........)..▒▒▒..
........▒▒ ▒.▒▒▒▒▒.▒▒▒..▒▒ ▒▒[
.........▒ ▒.▒ ▒.▒ ▒▒..▒▒▒..
▒▒▒...▒▒.▒ ▒.▒ ▒.▒ ▒...▒.▒.
▒▒.▒▒▒.▒ ▒.▒ ▒.▒ ▒..▒.▒▒▒ ▒.▒ ▒.▒
▒.▒▒▒▒▒.▒▒▒▒.....▒▒ ▒.▒ ▒.▒
▒▒................▒▒
▒.▒▒▒.▒▒▒▒▒......▒▒▒▒▒▒▒▒▒▒.▒▒
▒................▒ ▒.▒..


You could see 3 slime creatures.


Message History

You freeze the slime creature. You headbutt the slime creature!
The slime creature is almost dead.
The slime creature barely misses you. You furiously retaliate!
You headbutt the slime creature! The slime creature hits you.
* * * LOW HITPOINT WARNING * * *
You block the slime creature's attack. You block the slime creature's attack.
You puncture the slime creature! You freeze the slime creature.
You kill the slime creature!
The slime creature hits you but does no damage.
The slime creature hits you!
* * * LOW HITPOINT WARNING * * *
You block the slime creature's attack.
Unknown command.
You hit the slime creature. You freeze the slime creature.
The slime creature is heavily wounded.
You block the slime creature's attack. The slime creature misses you.
You block the slime creature's attack.
You hit the slime creature. You freeze the slime creature.
The slime creature is severely wounded.
The slime creature jiggles.
The slime creature hits you!
You die...

Action                     |  1- 3 |  4- 6 |  7- 9 | 10-12 | 13-15 || total
---------------------------+-------+-------+-------+-------+-------++-------
  Melee: Flail             |    56 |   204 |   326 |    95 |       ||   681
         Headbutt          |     9 |    25 |    72 |   197 |    91 ||   394
         Unarmed           |       |       |    31 |       |       ||    31
         Morningstar       |       |       |       |   558 |   238 ||   796
         Eveningstar       |       |       |       |       |    37 ||    37
  Throw: Dart              |       |       |       |     1 |     2 ||     3
 Invoke: Divine Shield     |       |       |       |     1 |     3 ||     4
  Evoke: Wand              |       |       |       |       |     4 ||     4
    Use: Scroll            |       |     1 |     3 |     6 |     6 ||    16
         Potion            |       |       |     1 |       |       ||     1
 Armour: Scale mail        |    13 |       |       |       |       ||    13
         Plate armour      |    32 |   194 |   156 |       |       ||   382
         Skin              |       |       |    21 |       |       ||    21
         Pearl dragon scal |       |       |    96 |   498 |   232 ||   826
  Dodge: Dodged            |    19 |    49 |    85 |   342 |   149 ||   644
  Block: Buckler           |    12 |    44 |    58 |   159 |       ||   273
         Kite shield       |       |       |       |     5 |   237 ||   242

Levels and vault maps discovered:
D:1:      nzn_arrival_water_spiral, layout_basic,
          dreamdust_ecumenical_altar_statues
D:2:      layout_loops_ring, basic_altar
D:3:      layout_rooms, minmay_surrounded, uniq_grinder, uniq_natasha,
          uniq_terence, uniq_sigmund
D:4:      layout_basic, evilmike_ruin_ashenzari
D:5:      cheibrodos_fertilizer, layout_loops_corners,
          mainiacjoe_overflow_six_doors_small, minmay_temple_entry_offerings,
          serial_shops, nicolae_shop_tiny_glass
D:6:      layout_loops_ring, nicolae_overflow_hidden_temple, serial_shops, shop,
          uniq_duvessa
D:7:      layout_cave_pools, serial_shops, shop
D:8:      layout_gridville, uniq_pikel, uniq_psyche
D:9:      layout_irregular_city, nicolae_gozag_seed_capital,
          amcnicky_altar_gilded, erik_orc_1, serial_shops, shop, serial_undead,
          serial_undead_f, serial_undead_c, serial_undead_c, serial_undead_a,
          serial_undead_f, serial_undead_c, serial_undead_f
D:10:     layout_gridville, vehumet_statue, mainiacjoe_overflow_paths,
          lair_entry_dummy, serial_shops, shop_fountains,
          nicolae_kite_square_tiling_tiny
D:11:     layout_small_grid, gauntlet_entry_generic,
          nicolae_nh_oracle_at_delphi, uniq_grum
D:12:     layout_irregular_city, tso_oasis_becter
D:13:     layout_loops_ring, david_vaults_5, gammafunk_ghost_ooze,
          chequers_serial_rivers_large_a
D:14:     layout_cave_pods, fedhas_altar_3, kennysheep_path_1, uniq_josephine
D:15:     hangedman_depths_entry_civil_slaughter, layout_basic,
          nicolae_ru_path_of_blood
Temple:   zaba_magenta_temple

Notes
Turn   | Place    | Note
-------+----------+-------------------------------------------
     0 | D:1      | sanka the Minotaur Fighter began the quest for the Orb.
     0 | D:1      | Reached XP level 1. HP: 19/19 MP: 0/0
   228 | D:1      | Reached skill level 4 in Fighting
   228 | D:1      | Reached skill level 3 in Maces & Flails
   228 | D:1      | Reached XP level 2. HP: 27/27 MP: 1/1
   448 | D:1      | Found a faded altar of an unknown god.
   823 | D:1      | Reached skill level 4 in Maces & Flails
   823 | D:1      | Reached XP level 3. HP: 33/33 MP: 2/2
   916 | D:2      | Reached skill level 5 in Maces & Flails
   920 | D:2      | Reached XP level 4. HP: 27/40 MP: 3/3
  1194 | D:2      | Found a sacrificial altar of Ru.
  1779 | D:3      | Noticed Grinder
  1876 | D:3      | Noticed Sigmund
  1891 | D:3      | Killed Sigmund
  1892 | D:3      | Reached skill level 7 in Maces & Flails
  1892 | D:3      | Reached XP level 5. HP: 43/46 MP: 4/4
  1892 | D:3      | Reached XP level 6. HP: 49/52 MP: 5/5
  2011 | D:3      | Noticed Natasha
  2011 | D:3      | Noticed Terence
  2258 | D:4      | Reached skill level 8 in Maces & Flails
  2328 | D:3      | Killed Natasha
  2483 | D:3      | Noticed Natasha
  2493 | D:3      | Killed Natasha
  2618 | D:3      | Noticed Natasha
  2627 | D:3      | Killed Natasha
  2628 | D:3      | Reached skill level 9 in Maces & Flails
  2770 | D:3      | Paralysed by Grinder for 5 turns
  2778 | D:3      | Paralysed by Grinder for 3 turns
  2790 | D:3      | Paralysed by Grinder for 2 turns
  2795 | D:3      | Killed Grinder
  2796 | D:3      | Reached XP level 7. HP: 46/59 MP: 6/6
  2973 | D:3      | Killed Terence
  2974 | D:3      | Reached skill level 10 in Maces & Flails
  3353 | D:4      | Found a broken altar of Ashenzari.
  3630 | D:5      | Entered Level 5 of the Dungeon
  3668 | D:5      | Reached skill level 11 in Maces & Flails
  3828 | D:5      | Reached XP level 8. HP: 66/66 MP: 7/7
  4048 | D:5      | Reached skill level 12 in Maces & Flails
  4236 | D:5      | Reached skill level 4 in Armour
  4236 | D:5      | Reached skill level 4 in Shields
  4317 | D:5      | Noticed a slime creature
  4325 | D:5      | Killed a slime creature
  4326 | D:5      | Reached skill level 5 in Fighting
  4326 | D:5      | Reached skill level 5 in Armour
  4448 | D:5      | Found a basalt altar of Yredelemnul.
  4448 | D:5      | Found a glowing golden altar of the Shining One.
  4448 | D:5      | Found a hazy altar of Hepliaklqana.
  4448 | D:5      | Found a white marble altar of Elyvilon.
  4448 | D:5      | Found an ancient bone altar of Kikubaaqudgha.
  4448 | D:5      | Found a sacrificial altar of Ru.
  4448 | D:5      | Noticed a slime creature
  4463 | D:5      | Killed a slime creature
  4496 | D:5      | Reached skill level 6 in Fighting
  4634 | D:5      | Found a staircase to the Ecumenical Temple.
  4642 | D:5      | Reached skill level 6 in Armour
  4658 | Temple   | Entered the Ecumenical Temple
  4705 | D:5      | Became a worshipper of the Shining One
  4770 | D:5      | Identified the +3 leather armour "Feadask" {rC++ Dex+4
                  | Stlth-}
  4832 | D:5      | Reached XP level 9. HP: 78/78 MP: 8/8
  5016 | D:5      | Found Ruqacosa's Weapon Boutique.
  5050 | D:5      | Found a glowing golden altar of the Shining One.
  5478 | D:6      | Reached skill level 7 in Fighting
  5602 | D:6      | Reached skill level 7 in Armour
  5946 | D:6      | Found Juig's Jewellery Boutique.
  5970 | D:6      | Found a white marble altar of Elyvilon.
  5971 | D:6      | Found a blossoming altar of Fedhas.
  6141 | D:6      | Noticed Duvessa
  6141 | D:6      | Noticed Dowan
  6145 | D:6      | Killed Duvessa
  6147 | D:6      | Killed Dowan
  6241 | D:7      | Identified the +1 pair of boots "Rucatoph" {+Inv rN+ Str-5}
  6270 | D:7      | Reached skill level 8 in Fighting
  6404 | D:7      | Identified +0 pearl dragon scales
  6503 | D:7      | Reached skill level 8 in Armour
  6584 | D:7      | Found Gycw's Antique Armour Shoppe.
  6632 | D:7      | Got the Folio of the Flammable Evil Eye
  6900 | D:8      | Noticed Pikel
  6923 | D:7      | Killed Pikel
  6924 | D:7      | Reached skill level 9 in Fighting
  6924 | D:7      | Reached skill level 9 in Armour
  7520 | D:8      | Noticed Psyche
  7533 | D:8      | Killed Psyche
  7534 | D:8      | Reached XP level 10. HP: 91/92 MP: 9/9
  7595 | D:8      | Reached * piety under the Shining One
  7625 | D:8      | Reached skill level 10 in Fighting
  7625 | D:8      | Reached skill level 10 in Armour
  7833 | D:8      | Noticed a two-headed ogre
  7842 | D:8      | Killed a two-headed ogre
  8073 | D:9      | Found an ornate altar of the Wu Jian Council.
  8169 | D:9      | Reached skill level 11 in Fighting
  8169 | D:9      | Reached skill level 11 in Armour
  8265 | D:9      | Reached ** piety under the Shining One
  8282 | D:9      | Found an opulent altar of Gozag.
  8656 | D:9      | Reached skill level 12 in Fighting
  8656 | D:9      | Reached skill level 12 in Armour
  8656 | D:9      | Reached skill level 1 in Dodging
  8718 | D:9      | Found Eduilaoq's Antique Armour Shoppe.
  8727 | D:9      | Reached skill level 2 in Dodging
  8815 | D:9      | Reached skill level 3 in Dodging
  8815 | D:9      | Reached XP level 11. HP: 97/103 MP: 10/10
  8830 | D:9      | Reached *** piety under the Shining One
  8936 | D:9      | Reached skill level 4 in Dodging
  8959 | D:9      | Reached skill level 5 in Dodging
  9152 | D:9      | Found a staircase to the Orcish Mines.
  9163 | D:9      | Reached skill level 6 in Dodging
  9169 | D:9      | Reached **** piety under the Shining One
  9521 | D:9      | Bought a pair of glowing boots for 180 gold pieces
  9526 | D:9      | Bought a bloodstained chain mail for 228 gold pieces
  9526 | D:9      | Identified the +7 chain mail "Imewn" {^Contam Harm rElec
                  | Will++} (You bought it in a shop on level 9 of the Dungeon)
  9572 | D:10     | Entered Level 10 of the Dungeon
  9599 | D:10     | Reached skill level 7 in Dodging
  9795 | D:10     | Found a staircase to the Lair.
  9865 | D:10     | Found Vuurr's Armour Emporium.
 10067 | D:10     | Found a basalt altar of Yredelemnul.
 10096 | D:10     | Found a radiant altar of Vehumet.
 10235 | D:10     | Reached skill level 8 in Dodging
 10358 | D:11     | Noticed Grum
 10381 | D:11     | Killed Grum
 10509 | D:11     | Found a gate leading to a gauntlet.
 10519 | Gauntlet | Entered a Gauntlet
 10519 | Gauntlet | Noticed a soul eater
 10519 | Gauntlet | Found a transporter.
 10519 | Gauntlet | Found a transporter.
 10519 | Gauntlet | Found a transporter.
 10529 | Gauntlet | Found a transporter.
 10532 | Gauntlet | Found a transporter.
 10536 | Gauntlet | Reached ***** piety under the Shining One
 10543 | Gauntlet | Found a transporter.
 10543 | Gauntlet | Found a transporter.
 10551 | Gauntlet | Found a transporter.
 10569 | Gauntlet | Found a transporter.
 10569 | Gauntlet | Noticed an obsidian statue
 10575 | Gauntlet | Found a transporter.
 10578 | Gauntlet | Found a transporter.
 10580 | Gauntlet | Noticed a death scarab
 10588 | Gauntlet | Found a transporter.
 10713 | Gauntlet | Killed a soul eater
 10714 | Gauntlet | Reached skill level 9 in Dodging
 10771 | Gauntlet | Identified the +1 pair of gloves "Ukos" {Int+5}
 10801 | Gauntlet | Killed a death scarab
 10802 | Gauntlet | Reached skill level 10 in Dodging
 10836 | Gauntlet | Noticed a sun demon
 10837 | Gauntlet | Noticed a sun demon
 10844 | Gauntlet | Killed an obsidian statue
 10899 | Gauntlet | Noticed a minotaur
 10912 | Gauntlet | Killed a minotaur
 10913 | Gauntlet | Reached skill level 1 in Invocations
 11038 | Gauntlet | Reached skill level 2 in Invocations
 11357 | D:11     | Noticed a two-headed ogre
 11365 | D:11     | Killed a two-headed ogre
 11366 | D:11     | Reached skill level 3 in Invocations
 11366 | D:11     | Reached XP level 12. HP: 112/112 MP: 11/13
 11392 | D:11     | Reached skill level 11 in Dodging
 11409 | D:11     | Found The Oracle's Delphic Readings.
 11563 | D:11     | Noticed a centaur warrior
 11595 | D:11     | Killed a centaur warrior
 11596 | D:11     | Reached skill level 4 in Invocations
 12284 | D:12     | Noticed a boulder beetle
 12291 | D:12     | Killed a boulder beetle
 12292 | D:12     | Reached skill level 5 in Invocations
 12331 | D:12     | Reached skill level 12 in Dodging
 12447 | D:12     | Found a glowing golden altar of the Shining One.
 12524 | D:12     | Reached skill level 6 in Invocations
 13091 | D:13     | Reached skill level 7 in Invocations
 13126 | D:13     | Noticed a two-headed ogre
 13131 | D:13     | Noticed a boulder beetle
 13134 | D:13     | Killed a two-headed ogre
 13362 | D:13     | Reached skill level 8 in Invocations
 13396 | D:12     | Killed a boulder beetle
 13828 | D:13     | Noticed a two-headed ogre
 13840 | D:13     | Killed a two-headed ogre
 13841 | D:13     | Reached skill level 9 in Invocations
 13935 | D:13     | Reached ****** piety under the Shining One
 14406 | D:13     | Found a runed translucent gate.
 14406 | D:13     | Found a runed translucent gate.
 14406 | D:13     | Noticed an acid blob
 14421 | D:13     | Noticed a great orb of eyes
 14422 | D:13     | Found a runed translucent gate.
 14422 | D:13     | Noticed a rockslime
 14422 | D:13     | Noticed a quicksilver ooze
 14422 | D:13     | Noticed Zuneoj's ghost (journeyman TrCK)
 14422 | D:13     | Noticed an azure jelly
 14422 | D:13     | Noticed an azure jelly
 14422 | D:13     | Noticed an azure jelly
 14422 | D:13     | Noticed an acid blob
 14422 | D:13     | Noticed an acid blob
 14423 | D:13     | Noticed an acid blob
 14497 | D:13     | Found a gate to the Vaults.
 14579 | D:13     | Noticed a vault guard
 14596 | D:13     | Killed a vault guard
 14916 | D:13     | Found a viscous altar of Jiyva.
 14934 | D:14     | Noticed Josephine
 14947 | D:13     | Reached XP level 13. HP: 116/118 MP: 19/19
 14954 | D:13     | Killed Josephine
 14964 | D:14     | Reached skill level 10 in Invocations
 14969 | D:14     | Reached skill level 5 in Shields
 15466 | D:14     | Reached skill level 6 in Shields
 15688 | D:14     | Found a blossoming altar of Fedhas.
 16191 | D:15     | Entered Level 15 of the Dungeon
 16356 | D:15     | Reached skill level 7 in Shields
 16376 | D:15     | Reached skill level 11 in Invocations
 16698 | D:15     | Noticed an ettin
 16706 | D:15     | Reached skill level 8 in Shields
 16716 | D:15     | Killed an ettin
 16950 | D:15     | Found a staircase to the Depths.
 17164 | D:15     | Found a sacrificial altar of Ru.
 17218 | D:15     | Reached skill level 9 in Shields
 18010 | D:15     | Reached skill level 12 in Invocations
 18206 | D:11     | Bought a scroll of acquirement for 624 gold pieces
 18206 | D:11     | Acquired a +5 eveningstar of holy wrath
 18427 | D:14     | Killed an acid blob
 18626 | D:14     | Killed an acid blob
 18627 | D:14     | Reached skill level 10 in Shields
 18907 | D:13     | Killed an azure jelly
 18925 | D:13     | HP: 11/118 [slime creature (16)]
 18927 | D:13     | Mangled by a slime creature

Vanquished Creatures
  2 acid blobs (D:14)
  An azure jelly (D:13)
  A minotaur (Gauntlet)
  An ettin (D:15)
  Josephine (D:13)
  A vault guard (D:13)
  A hydra (D:15)
  2 centaur warriors
  4 two-headed ogres
  2 tengu warriors (D:15)
  2 boulder beetles (D:12)
  A death scarab (Gauntlet)
  An occultist (D:15)
  A soul eater (Gauntlet)
  A skeletal warrior (D:13)
  An obsidian statue (Gauntlet)
  A deep elf pyromancer (D:14)
  2 orc sorcerers (D:15)
  Pikel (D:7)
  5 ugly things (D:15)
  2 orc knights (D:15)
  3 manticores
  2 cyclopes
  3 meliai (D:14)
  A gargoyle (D:12)
  2 minotaur zombies (Gauntlet)
  An unseen horror (D:12)
  Psyche (D:8)
  6 unseen horror zombies (D:9)
  A yaktaur (D:13)
  A kobold demonologist (D:13)
  6 trolls
  A troll (shapeshifter) (D:14)
  A tengu conjurer (D:15)
  Grinder (D:3)
  A glass eye (D:13)
  Sigmund (D:3)
  12 slime creatures
  A centaur simulacrum (D:14)
  15 yaks
  2 water elementals (D:15)
  5 wraiths (D:14)
  2 shadows (D:11)
  A warg (D:15)
  Grum (D:11)
  A spectral cane toad (Gauntlet)
  18 vampire mosquitoes
  3 acid dragons (D:13)
  Duvessa (D:6)
  An ice beast (D:5)
  7 orc warriors
  A swamp drake (D:9)
  A sky beast (D:7)
  2 black bears (D:5)
  A crocodile (shapeshifter) (D:14)
  3 ogres
  5 boggarts
  3 wolves (D:11)
  6 centaurs
  A lemure (D:8)
  7 kobold brigands
  4 bullfrogs
  2 gnoll sergeants
  3 scorpions
  30 wights
  Dowan (D:6)
  8 killer bees
  4 electric eels
  3 howler monkeys
  3 centaur zombies (D:9)
  4 hounds
  2 bombardier beetles
  5 jellies
  7 orc priests
  2 sleepcaps (D:6)
  A gnoll bouda (D:8)
  16 orc wizards
  Natasha (thrice) (D:3)
  Terence (D:3)
  A killer bee zombie (D:9)
  A statue (D:10)
  21 gnolls
  8 adders
  6 shadow imps
  4 dart slugs
  2 ribbon worms
  61 orcs
  14 endoplasms
  3 giant cockroaches
  6 goblins
  A hobgoblin (D:2)
  A quokka (D:4)
  3 ball pythons
  7 bats
  6 frilled lizards
  22 kobolds
  7 rats
439 creatures vanquished.

Vanquished Creatures (others)
  A boggart (D:14)
1 creature vanquished.

Grand Total: 440 creatures vanquished
